 Dungeon Crawl Stone Soup version 0.30.0-17-ge0270778cf (webtiles) character file.

Game seed: 1432071918617182792

1442 anacleto the Grappler (level 8, -3/109 (120) HPs)
             Began as a Troll Berserker on May 21, 2023.
             Was an Elder of Trog.
             Slain by a wight
             ... wielding a +3 war axe
              (14 damage)
             ... on level 6 of the Dungeon on May 23, 2023.
             The game lasted 00:12:01 (4178 turns).

anacleto the Grappler (Troll Berserker)             Turns: 4178, Time: 00:12:02

HP:   -3/109 (120)  AC:  5    Str: 28    XL:     8   Next: 46%
MP:   7/7           EV: 10    Int:  3    God:    Trog [****..]
Gold: 115           SH:  0    Dex:  9    Spells: 7/7 levels left

rFire   + .          .
                       - Unarmed
rCold   . . .        (no shield)
rNeg    . . .        a - +0 animal skin
rPois   .            (helmet restricted)
rElec   .            q - +0 cloak
rCorr   .            (gloves unavailable)
SInv    .            (boots unavailable)
Will    .....        v - amulet of faith Stlth
                     o - ring of protection from fire
HPRegen 1.18/turn    (no ring)
MPRegen 0.10/turn

%: faith
@: berserking, drained, very quick
A: large, unfitting armour, claws 3, regeneration 1, shaggy fur 1, tough skin 1
a: Renounce Religion, Berserk, Trog's Hand, Brothers in Arms


You were on level 6 of the Dungeon.
You worshipped Trog.
Trog was greatly pleased with you.
You visited 1 branch of the dungeon, and saw 6 of its levels.

You collected 258 gold pieces.
You spent 143 gold pieces at shops.

Inventory:

Missiles
 r - 2 javelins (quivered)
Armour
 a - a +0 animal skin (worn)
 q - a +0 cloak (worn)
Jewellery
 o - a ring of protection from fire (left claw)
 v - an amulet of faith (around neck)
Scrolls
 b - 8 scrolls of identify {unknown}
 c - 3 scrolls of teleportation {unknown}
 e - a scroll of amnesia {unknown}
 f - a scroll of poison {unknown}
 h - a scroll of noise {unknown}
 j - a scroll of brand weapon {unknown}
 k - a scroll of fog {unknown}
 l - a scroll of immolation {unknown}
 n - 2 scrolls of vulnerability {unknown}
 s - a scroll of magic mapping {unknown}
 u - a scroll of fear {unknown}
Potions
 d - 4 potions of heal wounds
 g - 3 potions of might {unknown}
 i - 2 potions of curing
 m - 3 potions of brilliance {unknown}
 p - a potion of lignification
 t - a potion of attraction {unknown}
 w - a potion of flight {unknown}


   Skills:
 + Level 5.3 Fighting
 + Level 2.9 Throwing
 - Level 2.4 Dodging
 * Level 8.7 Unarmed Combat


You had 7 spell levels left.
You didn't know any spells.
Your spell library was empty.

Dungeon Overview and Level Annotations

Branches:
Dungeon (6/15)
 Temple: D:4-7

Altars:
Ashenzari
Fedhas
Trog
Vehumet
Zin

Shops:
D:3 !


Innate Abilities, Weirdness & Mutations

You are too large for most types of armour.
You have claws for hands.
Your natural rate of healing is unusually fast.
You are covered in fur. (AC +1)
You have tough skin. (AC +1)


Message History

a +2 hand axe; a +0 robe The wight misses you.
The wight hits you with a +4 short sword!
The wight hits you with a +0 halberd.
You scratch the wight but do no damage. The wight hits you with a +0 halberd.
You feel drained. The wight hits you with a +3 war axe!
The wight barely misses you.
You closely miss the wight. The wight hits you with a +3 war axe!
The wight hits you with a +0 halberd!
The wight hits you with a +4 short sword.
Unknown command.
A red film seems to cover your vision as you go berserk!
You feel yourself moving faster!
You feel mighty! The wight hits you with a +0 halberd!
The wight barely misses you.
The wight hits you with a +4 short sword!
* * * LOW HITPOINT WARNING * * *
You feel drained.
* * * LOW HITPOINT WARNING * * *
You feel a strong urge to attack something.
The wight hits you from afar with a +0 halberd!
* * * LOW HITPOINT WARNING * * *
You feel drained.
* * * LOW HITPOINT WARNING * * *
The wight closely misses you.
Things that are here:
a +2 hand axe; a +0 robe You are too berserk!
You claw the wight!
The wight is severely damaged.
You scratch the wight. Your claw misses the wight.
The wight is severely damaged.
The wight barely misses you. x2
The wight hits you with a +4 short sword.
* * * LOW HITPOINT WARNING * * *
You closely miss the wight.
The wight is severely damaged.
You closely miss the wight.
The wight is severely damaged.
The wight hits you with a +3 war axe!
You die...

#### ...###
.....## ###
.......
#.##..#....
###.#z.......
##...@zz...... ..
##...###....... .
###......#.##....
#............ ...
.. #..##......## .
... #.........##
... #<.......##
~~. ####
####.......# ≈~~
##...##.##.......#
≈~≈


You could see 3 wights.

Vanquished Creatures
  Sigmund (D:2)
  4 ogres
  The ghost of zazu2006 the Magician, an amateur GnWn (D:3)
  A kobold brigand (D:6)
  3 scorpions
  A wight (D:6)
  A jelly (D:5)
  3 orc priests
  A hound (D:5)
  3 iguanas
  2 orc wizards (D:5)
  A sleepcap (D:5)
  Natasha (thrice) (D:2)
  3 gnolls
  5 adders
  A white imp (D:5)
  An ufetubus (D:4)
  3 worms
  15 dart slugs
  6 orcs
  5 ball pythons
  4 endoplasms
  4 giant cockroaches
  11 goblins
  2 hobgoblins
  3 jackals (D:3)
  13 kobolds
  6 quokkas
  3 bats
  5 frilled lizards
  5 rats
120 creatures vanquished.

Notes
Turn   | Place    | Note
-------+----------+-------------------------------------------
     0 | D:1      | anacleto the Troll Berserker began the quest for the Orb.
     0 | D:1      | Reached XP level 1. HP: 22/22 MP: 0/0
   145 | D:1      | Reached XP level 2. HP: 29/29 MP: 1/1
   551 | D:1      | Reached XP level 3. HP: 36/36 MP: 2/2
   639 | D:2      | Reached ** piety under Trog
   710 | D:2      | Reached skill level 4 in Unarmed Combat
   762 | D:2      | Found a faded altar of an unknown god.
   780 | D:2      | Identified the +7 spear "Kesusera" {flame, Int+3}
   993 | D:2      | Noticed Natasha
  1022 | D:2      | Killed Natasha
  1023 | D:2      | Reached XP level 4. HP: 45/45 MP: 3/3
  1083 | D:2      | Noticed Sigmund
  1094 | D:2      | Killed Sigmund
  1095 | D:2      | Reached skill level 5 in Unarmed Combat
  1095 | D:2      | Reached XP level 5. HP: 53/53 MP: 4/4
  1221 | D:2      | Noticed Natasha
  1229 | D:2      | Killed Natasha
  1349 | D:2      | Noticed Natasha
  1358 | D:2      | Killed Natasha
  1359 | D:2      | Reached XP level 6. HP: 62/62 MP: 5/5
  1520 | D:3      | Found a glowing silver altar of Zin.
  1650 | D:3      | Found a runed translucent door.
  1657 | D:3      | Noticed zazu2006's ghost (amateur GnWn)
  1665 | D:3      | Reached skill level 6 in Unarmed Combat
  1667 | D:3      | Killed zazu2006's ghost
  1725 | D:3      | Reached *** piety under Trog
  1837 | D:3      | Identified the staff of death "Ucwoso" {Contam rElec rN+
                  | Int+4}
  1921 | D:3      | Found a broken altar of Ashenzari.
  2031 | D:3      | Found Hutreewn's Distillery.
  2034 | D:3      | Bought a potion of lignification for 39 gold pieces
  2034 | D:3      | Bought a potion of heal wounds for 65 gold pieces
  2034 | D:3      | Bought a potion of curing for 39 gold pieces
  2481 | D:4      | Reached XP level 7. HP: 71/71 MP: 6/6
  2691 | D:4      | Reached skill level 7 in Unarmed Combat
  2911 | D:4      | You fall into a shaft and drop 1 floor!
  2911 | D:5      | Entered Level 5 of the Dungeon
  2921 | D:5      | Found a radiant altar of Vehumet.
  2974 | D:5      | Reached skill level 1 in Throwing
  3387 | D:5      | Found a bloodstained altar of Trog.
  3449 | D:5      | Reached XP level 8. HP: 72/79 MP: 7/7
  3997 | D:6      | Reached skill level 5 in Fighting
  3997 | D:6      | Reached skill level 8 in Unarmed Combat
  4074 | D:6      | Found a blossoming altar of Fedhas.
  4098 | D:5      | Reached **** piety under Trog
  4178 | D:6      | Slain by a wight

Illustrated notes

Levels and vault maps discovered:
D:1:      sevenhm_arrival_forest_fort_small_4, layout_basic, minmay_nonomino_d4
D:2:      layout_loops_cross, shapermc_ecumenical_altar_acropolis,
          hangedman_decor_points, chequers_garden, feat_on_display,
          uniq_sigmund, uniq_natasha
D:3:      kennysheep_slugbush, layout_basic, mainiacjoe_overflow_cross_hatched,
          general_overflow_altar, ebering_ghost_sewer_d, serial_shops,
          nicolae_shop_behind_doors, chequers_decorated_corner
D:4:      layout_loops_ring, tgw_xom
D:5:      layout_basic, lemuel_crystal_altar, lemuel_coloured_pillars_altar
D:6:      layout_cave_pools, mainiacjoe_overflow_small_starburst,
          fedhas_ov_isle_minmay, lemuel_mausoleum_altar_yredelemnul

Skill      XL: |  1  2  3  4  5  6  7  8 |
---------------+-------------------------+-----
Unarmed Combat | 4 5 6 7 8 |  8.7
Fighting       | 3 4 5 |  5.3
Throwing       | 1 2 |  2.9
Dodging        | |  2.4

Action                     |  1- 3 |  4- 6 |  7- 9 || total
---------------------------+-------+-------+-------++-------
  Melee: Unarmed           |   111 |    83 |    98 ||   292
         Punch             |     2 |     2 |     2 ||     6
  Throw: Javelin           |       |       |     3 ||     3
 Invoke: Berserk           |     1 |     4 |     5 ||    10
   Stab: Sleeping          |     1 |     1 |       ||     2
 Armour: Animal skin       |    59 |    24 |    27 ||   110
  Dodge: Dodged            |    55 |    36 |    51 ||   142
